AoeStats
← VZ | YURIEL

Arabia

510936343Analyzed
1v1 RM · 14h ago on Oct 3, 2026· 49m 35s· 2 players
Game mode
Random Map
Map size
Tiny (2 player)
Population
200
Speed
Normal
Resources
Standard
Victory
Conquest
Starting age
Dark Age
Ending age
Imperial Age
RankedLock teamsTeams togetherTeam positionsShared explorationLock speedFull tech treeHidden civsTurbo modeCheats
Victory
Defeat
🇦🇷 Varangians · Argentina
1430
+15
🇲🇽 Bohemians · Mexico
1403
-15
VZ | YURIEL
5:29 Loom
8:30 Feudal Age
9:23 Double-Bit Axe
20:34 Castle Age
18:59 Fletching
21:25 Bodkin Arrow
20:51 Crossbowman
23:25 Atonement
23:35 Fervor
23:11 Horse Collar
23:29 Pikeman
24:12 Scale Mail Armor
25:36 Ballistics
26:20 Wheelbarrow
30:21 Chemistry
30:02 Sanctity
30:55 Chain Mail Armor
30:42 Squires
38:17 Imperial Age
39:03 Bracer
38:24 Arbalester
38:48 Halberdier
40:09 Plate Mail Armor
41:33 Bow Saw
42:57 Hand Cart
42:55 Bow Saw
43:02 Heavy Plow
45:50 Forging
47:22 Two-Man Saw
[PDA] Nicolas II
6:33 Loom
6:37 Loom
9:20 Feudal Age
10:23 Double-Bit Axe
20:35 Castle Age
19:15 Gold Mining
19:50 Horse Collar
20:23 Bloodlines
21:06 Scale Barding Armor
29:51 Wheelbarrow
30:18 Town Watch
31:26 Bow Saw
31:24 Heavy Plow
37:33 Imperial Age
37:20 Hand Cart
38:50 Chain Barding Armor
38:40 Forging
40:40 Plate Barding Armor
40:16 Forging
40:30 Conscription
40:03 Cavalier
40:44 Husbandry
41:29 Vendel Legacy
43:18 Iron Casting
45:09 Blast Furnace
47:44 Capped Ram
49:32 Light Cavalry
Connection lost

Rejoining the realm…

Still unreachable

The connection could not be restored.

Session expired

The server has moved on; the page needs a fresh start.